 Dungeon Crawl Stone Soup version 0.32-a0-886-g41c5271027 (webtiles) character file.

Game seed: 3609436155130660280

14 spaghetti the Shooter (level 2, 0/22 HPs)
             Began as a Demonspawn Hunter on Apr 2, 2024.
             Succumbed to an adder's poison
             ... on level 1 of the Dungeon.
             The game lasted 00:00:45 (842 turns).

spaghetti the Shooter (Demonspawn Hunter)            Turns: 842, Time: 00:00:45

Health: 0/22       AC:  3    Str:  9    XL:     2   Next: 31%
Magic:  2/2        EV: 10    Int:  9    God:
Gold:   64         SH:  0    Dex: 16    Spells: 1/1 levels left

rFire   . . .        (no weapon)
rCold   . . .        (no shield)
rNeg    . . .        c - +0 leather armour
rPois   .            (helmet restricted)
rElec   .            (no cloak)
rCorr   .            (no gloves)
SInv    .            (no boots)
Will    +....        (no amulet)
Stlth   +            (no ring)
HPRegen 0.23/turn    (no ring)
MPRegen 0.08/turn

%: no passive effects
@: lethally poisoned (0 -> -3), attractive, enlightened, flying
A: claws 1, beak, weak 1
a: no special abilities


You were on level 1 of the Dungeon.
You visited 1 branch of the dungeon, and saw 2 of its levels.

You collected 64 gold pieces.

Inventory:

Hand Weapons
 a - a +0 shortbow
Armour
 c - a +0 leather armour (worn)
Scrolls
 b - a scroll of butterflies
 d - a scroll of revelation {unknown}
 e - a scroll of identify {unknown}
 f - a scroll of noise {unknown}
 j - a scroll of blinking {unknown}


   Skills:
 - Level 2.0 Fighting
 - Level 4.1 Ranged Weapons
 - Level 1.7 Dodging
 - Level 0.8 Stealth
 + Level 0.2 Unarmed Combat


You had one spell level left.
You didn't know any spells.
Your spell library was empty.

Dungeon Overview and Level Annotations

Branches:
Dungeon (2/15)

Altars:


Innate Abilities, Weirdness & Mutations

You have sharp fingernails.
You have a beak for a mouth.
You are weak. (Str -2)


Message History

You are too injured to fight recklessly!
You are too injured to fight recklessly!
You are too injured to fight recklessly!
You are too injured to fight recklessly!
You are too injured to fight recklessly!
You are too injured to fight recklessly!
You are now empty-clawed.
The hobgoblin misses you.
You scratch the ribbon worm.
The ribbon worm is severely wounded.
The adder bites you.
You are poisoned.
The adder poisons you! The ribbon worm bites you!
The hobgoblin hits you but does no damage.
The adder barely misses you.
It was a potion of mutation.
You feel extremely strange.
You feel weaker.
Your mouth lengthens and hardens into a beak!
You feel sick. The quokka bites you. The adder closely misses you.
The ribbon worm barely misses you.
The hobgoblin hits you but does no damage.
The quokka bites you.
* * * LOW HITPOINT WARNING * * *
It was a potion of enlightenment.
You feel very buoyant.
You fly up into the air.
* * * LOW HITPOINT WARNING * * *
You feel sick. The adder misses you.
The hobgoblin hits you but does no damage.
The ribbon worm barely misses you. The quokka barely misses you.
It was a potion of attraction.
You feel attractive to monsters.
* * * LOW HITPOINT WARNING * * *
You feel sick. The adder closely misses you. The quokka barely misses you.
The hobgoblin misses you. The adder barely misses you.
The ribbon worm bites you but does no damage.
* * * LOW HITPOINT WARNING * * *
You feel sick. The quokka barely misses you. The adder misses you.
The hobgoblin barely misses you.
You fly upwards.
You die...

.#.#.####..######### #.#.#####
...................# #.#.#
#....#############.# #.#.# .....#
#.# #.#.# #...## #.######.#.#####
##.###############.....##.#..)..#
.......................รท..#####.#
##.........#######S###.#### #.#
##.#######.....r@g.# #.# #.# ##.#
######w#### #.# #.# ##.# #.#
#.########.# ##.# #.# #..........#
.#.# #.# ############ .#.# #.#
...#### #.# ......#########.#
...##...........#


You could see a ribbon worm, an adder, a quokka and a hobgoblin.

Vanquished Creatures
  2 endoplasms (D:1)
  A giant cockroach (D:1)
  2 goblins (D:1)
  A hobgoblin (D:1)
  A quokka (D:1)
  2 frilled lizards (D:1)
  4 kobolds (D:1)
13 creatures vanquished.

Notes
Turn   | Place    | Note
-------+----------+-------------------------------------------
     0 | D:1      | spaghetti the Demonspawn Hunter began the quest for the
                  | Orb.
     0 | D:1      | Reached XP level 1. HP: 16/16 MP: 1/1
   382 | D:1      | Reached skill level 4 in Ranged Weapons
   385 | D:1      | Gained mutation: You have sharp fingernails. [demonic
                  | ancestry]
   385 | D:1      | Reached XP level 2. HP: 10/22 MP: 2/2
   838 | D:2      | Gained mutation: You are weak. (Str -2) [potion of
                  | mutation]
   838 | D:2      | Gained mutation: You have a beak for a mouth. [potion of
                  | mutation]
   842 | D:1      | Succumbed to an adder's poison

Illustrated notes

Levels and vault maps discovered:
D:1:      lemuel_arrival_muddy, layout_loops_ring, roderic_lattice_a,
          minmay_pentomino_u2
D:2:      layout_loops_ring, basic_altar

Skill      XL: |  1 |
---------------+----+-----
Ranged Weapons | 4 |  4.1
Fighting       | |  2.0
Dodging        | |  1.7
Stealth        | |  0.8
Unarmed Combat | |  0.2

Action                     || total
---------------------------++-------
  Melee: Unarmed           ||     1
   Fire: Shortbow          ||    41
    Use: Potion            ||     3
 Armour: Leather armour    ||    21
  Dodge: Dodged            ||    35

Table legend: (Time is in decaauts)
 A = Elapsed time spent in this place.
 B = Non-inter-level travel time spent in this place.
 C = Inter-level travel time spent in this place.
 D = Time resting spent in this place.
 E = Time spent auto-exploring this place.
 F = Levels seen in this place.
 G = Mean time per level.
                   A        B        C        D        E       F      G
               +--------+--------+--------+--------+--------+-----+--------+
         Total |    851 |    803 |     48 |      0 |    713 |   2 |  425.5 |
       Dungeon |    851 |    803 |     48 |      0 |    713 |   2 |  425.5 |
               +--------+--------+--------+--------+--------+-----+--------+

Top non-repeatable levels by time:
     D:1: 839 daAuts
     D:2: 12 daAuts
